 Dungeon Crawl Stone Soup version 0.14-a0-882-gdff4d47 (console) character file.

219 Kellhus the Ruinous (level 5, 29/29 HPs)
             Began as an Octopode Wizard on Nov 17, 2013.
             Quit the game on Level 4 of the Dungeon.
             The game lasted 00:03:34 (2776 turns).

Kellhus the Ruinous (Octopode Wizard)               Turns: 2776, Time: 00:03:34

HP  29/29        AC  1     Str  7      XL: 5   Next:  5%
MP   5/12        EV 12     Int 21      God:
Gold 98          SH  0     Dex 10      Spells:  1 memorised,  9 levels left

Res.Fire  : . . .   See Invis. : .   o - -3 whip (curse)
Res.Cold  : . . .   Warding    : .   (no shield)
Life Prot.: + . .   Conserve   : .   b - +0 wizard hat
Res.Poison: .       Res.Corr.  : .   (no amulet)
Res.Elec. : .       Clarity    : .   q - ring of positive energy {unknown}
Sust.Abil.: . .     Spirit.Shd : .   (no ring)
Res.Mut.  : .       Stasis     : .   (no ring)
Res.Rott. : .       Flight     : .   (no ring)
Saprovore : . . .                    (no ring)
                                     (no ring)
                                     (no ring)
                                     (no ring)

@: slightly resistant to hostile enchantments, stealthy
A: almost no armour, amphibious, 8 rings, constrict 8, camouflage 1, AC +1
a: no special abilities


You were on level 4 of the Dungeon.
You were not hungry.

You visited 1 branch of the dungeon, and saw 4 of its levels.

You collected 98 gold pieces.

Inventory:

Hand weapons
 o - a cursed -3,-3 whip (weapon)
 u - a +2,+0 dagger of pain
Armour
 b - a +0 wizard hat (worn)
 v - a +0 buckler
Comestibles
 d - 2 bread rations
 p - a rambutan
 s - a pear
Scrolls
 a - 4 scrolls of identify {unknown}
 e - a scroll of random uselessness {unknown}
 f - a scroll of remove curse {unknown}
 h - 2 scrolls of blinking {unknown}
 i - a scroll of teleportation {unknown}
 j - 3 scrolls of noise {unknown}
 k - a scroll of enchant weapon I {unknown}
 n - 2 scrolls of amnesia {unknown}
Jewellery
 q - a ring of positive energy (left tentacle) {unknown}
 t - an uncursed amulet of clarity {unknown}
Potions
 g - a potion of agility {unknown}
 l - 3 potions of heal wounds {unknown}
 m - a potion of might {unknown}
 r - 2 potions of magic {unknown}
Books
 c - a book of Minor Magic

   Spells                             Type                      Level
   *Magic Dart                        Conjuration                  1
   Blink                              Translocation                2
   Call Imp                           Summoning                    2
   Repel Missiles                     Charms/Air                   2
   Slow                               Hexes                        2
   Conjure Flame                      Conjuration/Fire             3
   Mephitic Cloud                     Conjuration/Poison/Air       3


   Skills:
 - Level 2.0 Dodging
 - Level 2.6 Stealth
 - Level 3.0 Spellcasting
 + Level 4.6 Conjurations
   Level 1.0 Summonings
   Level 1.0 Translocations


You had 9 spell levels left.
You knew the following spells:

 Your Spells              Type           Power        Failure   Level  Hunger
a - Magic Dart            Conj           ###.         1%          1    None


Dungeon Overview and Level Annotations

Branches:
Dungeon (4/16)
 Temple: D:4-7

Altars:

Annotations:
D:3 Terence


Innate Abilities, Weirdness & Mutations

You cannot wear most types of armour.
You are amphibious.
You can wear up to eight rings at the same time.
You can use your tentacles to constrict many enemies at once.
Your skin changes colour to match your surroundings (Stlth).
Your rubbery body absorbs attacks (AC +1).


Message History

Confirm with . or Enter, or press ? or * to list all spells.
Aiming: Magic Dart
Press: ? - help, Shift-Dir - straight line, f/p - worker ant
Aim: a worker ant (heavily wounded)
The magic dart hits the worker ant.
The worker ant is almost dead.
Casting: Magic Dart
Confirm with . or Enter, or press ? or * to list all spells.
Aiming: Magic Dart
Press: ? - help, Shift-Dir - straight line, f/p - worker ant
Aim: a worker ant (almost dead)
The magic dart hits the worker ant.
You kill the worker ant!
You have reached level 5!
You feel stronger.
Casting: Magic Dart
Confirm with . or Enter, or press ? or * to list all spells.
You can't see any susceptible monsters within range! (Use Z to cast anyway.) Quiver which item? (- for none, * to show all) (? for menu, Esc to quit)
Okay, then.
Are you sure you want to abandon this character and quit the game? (Confirm with "yes".)

. #. #. #.
#. #.
######.
........##
.......%@#
##########


There were no monsters in sight!

Vanquished Creatures
  A worker ant (D:4)
  2 adders (D:2)
  A giant mite (D:2)
  A worm (D:3)
  A giant gecko (D:1)
  3 orcs (D:3)
  A ball python (D:1)
  4 giant cockroaches
  7 goblins
  4 hobgoblins
  2 jackals (D:2)
  15 kobolds
  6 bats
  5 giant newts
  A quokka (D:3)
  12 rats
66 creatures vanquished.

Notes
Turn   | Place    | Note
--------------------------------------------------------------
     0 | D:1      | Kellhus, the Octopode Wizard, began the quest for the Orb.
     0 | D:1      | Reached XP level 1. HP: 9/9 MP: 5/5
   242 | D:1      | Reached XP level 2. HP: 15/15 MP: 1/7
   804 | D:1      | Reached XP level 3. HP: 16/19 MP: 6/9
  1626 | D:2      | Reached XP level 4. HP: 25/25 MP: 9/11
  1869 | D:3      | Reached skill level 4 in Conjurations
  2213 | D:3      | Noticed Terence
  2775 | D:4      | Reached XP level 5. HP: 29/29 MP: 5/12
  2776 | D:4      | Quit the game

Action                   |  1- 3 |  4- 6 || total
-------------------------+-------+-------++-------
Melee: Unarmed           |     8 |       ||     8
 Cast: Magic Dart        |    85 |    72 ||   157
